 Dungeon Crawl Stone Soup version 0.30-a0-458-g86641cc369 (webtiles) character file.

Game seed: 15153912404051133756

2382 jfcaron the Vexing (level 9, -6/70 HPs)
             Began as a Gnoll Hexslinger on Dec 15, 2022.
             Was an Initiate of Cheibriados.
             Succumbed to a redback's poison
             ... on level 7 of the Dungeon.
             The game lasted 00:28:00 (6653 turns).

jfcaron the Vexing (Gnoll Hexslinger)               Turns: 6653, Time: 00:28:00

Health: -6/70      AC: 12    Str: 13    XL:     9   Next: 45%
Magic:  12/17      EV: 16    Int: 16    God:    Cheibriados [......]
Gold:   352        SH:  2    Dex: 13    Spells: 6/18 levels left

rFire   + . .      SeeInvis .    a - +2 sling (flame)
rCold   . . .      Faith    .    (no shield)
rNeg    . . .      Spirit   .    J - +2 leather armour {rF+}
rPois   .          Reflect  .    j - +0 helmet
rElec   .          Harm     .    x - scarf {+Inv}
rCorr   .          Rampage  .    (no gloves)
Will    .....                    (no boots)
Stlth   ++........               (no amulet)
HPRegen 0.31/turn                f - +4 ring of protection
MPRegen 0.15/turn                B - ring of the Octopus King {Fly HP+2 AC+2 EV+2 SH+2}

@: lethally poisoned (-6 -> -66), flying, very slow
A: fangs 1, strong nose, distributed training
a: Renounce Religion, Evoke Invisibility


You were on level 7 of the Dungeon.
You worshipped Cheibriados.
Cheibriados was noncommittal.
You visited 2 branches of the dungeon, and saw 8 of its levels.

You collected 352 gold pieces.

Inventory:

Hand Weapons
 a - a +2 sling of flaming (weapon)
 b - a +1 whip of electrocution
 g - a +0 dagger
 k - a +0 spear
 q - a +0 trident
 t - a +0 rapier
 D - a +2 flail of draining
Missiles
 e - 48 stones
 r - 2 javelins
 z - 6 poisoned darts
 A - 5 boomerangs
 G - a throwing net {!f}
Armour
 j - a +0 helmet (worn)
 u - a +0 kite shield
 x - a scarf of invisibility (worn)
 J - a +2 leather armour of fire resistance (worn)
Jewellery
 c - a ring of resist corrosion
 f - a +4 ring of protection (left hand)
 i - a ring of see invisible
 v - a +6 ring of intelligence
 B - a ring of the Octopus King (right hand) {Fly HP+2 AC+2 EV+2 SH+2}
   (You found it on level 3 of the Dungeon)

   [ring of flight]

   AC:        It affects your AC (+2).
   EV:        It affects your evasion (+2).
   HP:        It affects your health (+2).
   Fly:       It grants you flight.
   SH:        It affects your SH (+2).
 F - a ring of protection from cold
Wands
 H - a wand of mindburst (11)
Scrolls
 n - 2 scrolls of teleportation
 y - 2 scrolls of poison
 C - 3 scrolls of fear
 K - a scroll of enchant armour {unknown}
Potions
 d - 2 potions of mutation
 h - 3 potions of might
 m - 2 potions of lignification
 o - 2 potions of flight {unknown}
 p - 2 potions of berserk rage {unknown}
 s - a potion of attraction {unknown}
 w - a potion of brilliance {unknown}
 E - 3 potions of haste
 I - a potion of resistance {unknown}


   Skills:
 + Level 5.2 Fighting
 + Level 4.4 Short Blades
 + Level 4.4 Long Blades
 + Level 4.4 Axes
 + Level 4.4 Maces & Flails
 + Level 4.4 Polearms
 + Level 4.4 Staves
 + Level 6.4 Ranged Weapons
 + Level 4.4 Throwing
 + Level 4.4 Armour
 + Level 6.4 Dodging
 + Level 4.4 Stealth
 + Level 4.4 Shields
 + Level 4.4 Unarmed Combat
 + Level 5.3 Spellcasting
 + Level 3.6 Conjurations
 + Level 6.6 Hexes
 + Level 3.6 Summonings
 + Level 3.6 Necromancy
 + Level 3.6 Translocations
 + Level 3.6 Transmutations
 + Level 3.6 Fire Magic
 + Level 3.6 Ice Magic
 + Level 3.6 Air Magic
 + Level 3.6 Earth Magic
 + Level 3.6 Poison Magic
 + Level 4.9 Invocations
 + Level 4.4 Evocations


You had 6 spell levels left.
You knew the following spells:

 Your Spells              Type           Power      Damage    Failure   Level
a - Slow                  Hex            100%       N/A       1%          1
b - Summon Guardian Gole  Hex/Summ       20%        N/A       6%          3
c - Blink                 Tloc           32%        N/A       6%          2
d - Portal Projectile     Hex/Tloc       40%        N/A       6%          3
e - Call Canine Familiar  Summ           16%        N/A       12%         3

Your spell library contained the following spells:

 Spells                   Type           Power      Damage    Failure   Level
 Summon Small Mammal      Summ           64%        N/A       4%          1
 Cigotuvi's Dreadful Rot  Necr/Pois/Air  32%        N/A       6%          2
 Poisonous Vapours        Pois/Air       32%        N/A       6%          2
 Inner Flame              Hex/Fire       20%        N/A       6%          3
 Mephitic Cloud           Conj/Pois/Air  16%        N/A       12%         3
 Cause Fear               Hex            12%        N/A       12%         4
 Manifold Assault         Tloc           16%        N/A       36%         4
 Alistair's Intoxication  Tmut/Pois      10%        N/A       73%         5
 Borgnjor's Vile Clutch   Necr/Erth      8%         N/A       73%         5
 Eringya's Noxious Bog    Tmut/Pois      8%         N/A       99%         6
 Orb of Destruction       Conj           8%         9d6       100%        7
 Spellforged Servitor     Conj/Summ      8%         N/A       100%        7
 Storm Form               Tmut/Air       8%         N/A       100%        7


Dungeon Overview and Level Annotations

Branches:
Dungeon (7/15)             Temple (1/1) D:7

Altars:
Ashenzari
Cheibriados
Dithmenos
Elyvilon
Fedhas
Gozag
Hepliaklqana
Kikubaaqudgha
Makhleb
Nemelex Xobeh
Okawaru
Qazlal
Ru
Sif Muna
Trog
Uskayaw
Vehumet
Wu Jian
Xom
Yredelemnul
Zin
The Shining One

Shops:
D:4 =   D:6 *

Annotations:
D:7 2 runed translucent doors


Innate Abilities, Weirdness & Mutations

You have very sharp teeth.
Your uncanny sense of smell can sniff out nearby items.
Your experience applies equally to all skills.


Message History

The redback barely resists.
You feel very sick. The redback bites you.
You are lethally poisoned!
The redback poisons you! The redback bites you!
You are more poisoned.
The redback poisons you!
Aiming: Mindburst
Press: ? - help, Shift-Dir - straight line, f/p - redback
Aim: a redback (almost dead, ally target, chance to affect: 80%)
The redback's mind is blasted!
You blow up the redback!
Cheibriados thoroughly appreciates the change of pace.
* * * LOW HITPOINT WARNING * * *
You feel extremely sick.
Okay, then.
Unknown command.
Unknown command.
Unknown command.
Unknown command.
As you read the scroll of teleportation, it crumbles to dust.
You feel strangely unstable.
* * * LOW HITPOINT WARNING * * *
You feel extremely sick. The water moccasin misses you.
The water moccasin bites you but does no damage.
Unknown command.
You feel much better.
* * * LOW HITPOINT WARNING * * *
You feel extremely sick.
The water moccasin bites you but does no damage.
The water moccasin attacks as you move away!
The water moccasin barely misses you.
* * * LOW HITPOINT WARNING * * *
You feel extremely sick.
The water moccasin bites your guardian golem but does no damage.
The water moccasin barely misses your guardian golem.
Okay, then.
Your surroundings suddenly seem different.
You die...

#.#.###.##..............#
#....#..#...............#
##...#.##..#............#
##..#.##..#.............
#....#.....#888#.......
#.###.....)8...8.......
#..##........>.8.###...
##........#8...8.#.##..
###..@....#888#.......
###.#...............
#.###.............
####...#....##....
##..###...###....
#....#...........
##..(...........##
#...............##
#.....#..........#


There were no monsters in sight!

Vanquished Creatures
  Grinder (D:4)
  A troll (D:7)
  A redback (D:7)
  2 water moccasins
  2 black bears
  An ogre (D:6)
  A phantom (D:5)
  A kobold brigand (D:6)
  A necrophage (D:5)
  A gnoll sergeant (D:6)
  2 bullfrogs (D:7)
  2 scorpions (D:6)
  A jelly (D:7)
  2 hounds
  4 orc priests
  Terence (D:3)
  7 orc wizards
  5 iguanas
  13 adders
  12 gnolls
  3 ufetubi (D:5)
  3 worms
  30 orcs
  2 endoplasms
  3 giant cockroaches
  2 goblins
  10 hobgoblins
  13 kobolds
  A quokka (D:3)
  9 ball pythons
  3 bats
  2 frilled lizards
  2 rats
144 creatures vanquished.

Notes
Turn   | Place    | Note
-------+----------+-------------------------------------------
     0 | D:1      | jfcaron the Gnoll Hexslinger began the quest for the Orb.
     0 | D:1      | Reached XP level 1. HP: 17/17 MP: 4/4
    88 | D:1      | Reached XP level 2. HP: 23/23 MP: 5/5
   723 | D:1      | Reached XP level 3. HP: 28/28 MP: 7/7
   758 | D:2      | Reached skill level 1 in Invocations
   791 | D:2      | Reached skill level 1 in Short Blades
   791 | D:2      | Reached skill level 1 in Long Blades
   791 | D:2      | Reached skill level 1 in Axes
   791 | D:2      | Reached skill level 1 in Maces & Flails
   791 | D:2      | Reached skill level 1 in Polearms
   791 | D:2      | Reached skill level 1 in Staves
   791 | D:2      | Reached skill level 1 in Throwing
   791 | D:2      | Reached skill level 1 in Armour
   791 | D:2      | Reached skill level 1 in Stealth
   791 | D:2      | Reached skill level 1 in Shields
   791 | D:2      | Reached skill level 1 in Unarmed Combat
   791 | D:2      | Reached skill level 1 in Evocations
   838 | D:2      | Reached XP level 4. HP: 29/34 MP: 8/8
  1025 | D:2      | Learned a level 3 spell: Summon Guardian Golem
  1454 | D:3      | Found the ring of the Octopus King
  1465 | D:3      | Identified a ring of the Octopus King {Fly HP+2 AC+2 EV+2
                  | SH+2}
  1580 | D:3      | Noticed Terence
  1595 | D:3      | Killed Terence
  1596 | D:3      | Reached skill level 1 in Conjurations
  1596 | D:3      | Reached skill level 1 in Summonings
  1596 | D:3      | Reached skill level 1 in Necromancy
  1596 | D:3      | Reached skill level 1 in Translocations
  1596 | D:3      | Reached skill level 1 in Transmutations
  1596 | D:3      | Reached skill level 1 in Fire Magic
  1596 | D:3      | Reached skill level 1 in Ice Magic
  1596 | D:3      | Reached skill level 1 in Air Magic
  1596 | D:3      | Reached skill level 1 in Earth Magic
  1596 | D:3      | Reached skill level 1 in Poison Magic
  1703 | D:3      | Reached XP level 5. HP: 40/40 MP: 9/9
  1790 | D:3      | Learned a level 2 spell: Blink
  2512 | D:4      | Noticed Grinder
  2873 | D:4      | You are sucked into a shaft and drop 3 floors!
  2881 | D:6      | Found Zin's Purification Station.
  2882 | D:6      | Found a glowing silver altar of Zin.
  2914 | D:6      | Reached skill level 5 in Ranged Weapons
  2914 | D:6      | Reached skill level 5 in Dodging
  2914 | D:6      | Reached XP level 6. HP: 45/47 MP: 9/11
  3248 | D:6      | Noticed a black bear
  3265 | D:6      | Killed a black bear
  3266 | D:6      | Reached XP level 7. HP: 52/52 MP: 6/12
  3614 | D:5      | Entered Level 5 of the Dungeon
  3803 | D:5      | Reached XP level 8. HP: 60/60 MP: 12/14
  4005 | D:4      | Learned a level 3 spell: Portal Projectile
  4005 | D:4      | Found Biheano's Jewellery Boutique.
  4106 | D:4      | Killed Grinder
  4330 | D:4      | Learned a level 3 spell: Call Canine Familiar
  5895 | D:7      | Noticed a troll
  5909 | D:7      | Killed a troll
  5910 | D:7      | Reached skill level 5 in Spellcasting
  5910 | D:7      | Reached XP level 9. HP: 67/67 MP: 13/16
  5965 | D:7      | Found an opulent altar of Gozag.
  5965 | D:7      | Found a bloodstained altar of Trog.
  6018 | D:7      | Reached skill level 5 in Fighting
  6362 | D:7      | Found a runed translucent door.
  6367 | D:7      | Found a runed translucent gate.
  6369 | D:7      | Found a runed translucent gate.
  6369 | D:7      | Found a runed translucent gate.
  6378 | D:7      | Found a runed translucent door.
  6385 | D:7      | Found the +9 staff of Olgreb {rPois∞}
  6407 | D:7      | Found a staircase to the Ecumenical Temple.
  6417 | Temple   | Entered the Ecumenical Temple
  6417 | Temple   | Found a transporter.
  6417 | Temple   | Found a transporter.
  6419 | Temple   | Found a transporter.
  6419 | Temple   | Found a transporter.
  6454 | Temple   | Became a worshipper of Cheibriados the Contemplative
  6650 | D:7      | HP: 5/70 [poisoned by a redback]
  6653 | D:7      | Succumbed to a redback's poison

Illustrated notes

Levels and vault maps discovered:
D:1:      dpeg_arrival_tiny_a, layout_loops_ring,
          chequers_serial_rivers_small_a, serial_bayou_crossing
D:2:      layout_rooms, grunt_decor_junction, chequers_serial_rivers_small_3,
          minmay_misc_feat_diagonals
D:3:      layout_basic, roderic_serpentine_path, nicolae_figureground_sparkle,
          uniq_terence
D:4:      layout_cave_pools, kennysheep_windowed_goal, uniq_grinder
D:5:      layout_basic
D:6:      layout_loops_corners, zin_purify, chequers_hall_statues_corner_a
D:7:      layout_cave_pools, gammafunk_temple_overflow_pools,
          minmay_temple_entry_statues, minmay_guarded_unrand_staff_of_olgreb
Temple:   hellmonk_temple_divided_pantheon

Skill      XL: |  1  2  3  4  5  6  7  8  9 |
---------------+----------------------------+-----
Invocations    | 1 2 3 4 |  4.9
Short Blades   | 1 2 3 4 |  4.4
Long Blades    | 1 2 3 4 |  4.4
Axes           | 1 2 3 4 |  4.4
Maces & Flails | 1 2 3 4 |  4.4
Polearms       | 1 2 3 4 |  4.4
Staves         | 1 2 3 4 |  4.4
Throwing       | 1 2 3 4 |  4.4
Armour         | 1 2 3 4 |  4.4
Stealth        | 1 2 3 4 |  4.4
Shields        | 1 2 3 4 |  4.4
Unarmed Combat | 1 2 3 4 |  4.4
Evocations     | 1 2 3 4 |  4.4
Spellcasting   | 3 4 5 |  5.3
Conjurations   | 1 2 3 |  3.6
Summonings     | 1 2 3 |  3.6
Necromancy     | 1 2 3 |  3.6
Translocations | 1 2 3 |  3.6
Transmutations | 1 2 3 |  3.6
Fire Magic     | 1 2 3 |  3.6
Ice Magic      | 1 2 3 |  3.6
Air Magic      | 1 2 3 |  3.6
Earth Magic    | 1 2 3 |  3.6
Poison Magic   | 1 2 3 |  3.6
Fighting       | 3 4 5 |  5.2
Ranged Weapons | 5 6 |  6.4
Dodging        | 5 6 |  6.4
Hexes          | 6 |  6.6

Action                   |  1- 3 |  4- 6 |  7- 9 || total
-------------------------+-------+-------+-------++-------
Melee: Bite              |       |       |     6 ||     6
       Sling             |       |       |     1 ||     1
       Whip              |       |       |    52 ||    52
       Trident           |       |       |     9 ||     9
       Unarmed           |       |       |     1 ||     1
 Fire: Sling             |   108 |   230 |   253 ||   591
Throw: Stone             |       |       |    15 ||    15
 Cast: Summon Guardian G |       |     5 |    18 ||    23
       Slow              |       |     1 |     1 ||     2
       Call Canine Famil |       |       |     2 ||     2
       Portal Projectile |       |       |     1 ||     1
Evoke: Wand              |       |       |     7 ||     7
  Use: Scroll            |       |     9 |     4 ||    13
       Potion            |       |       |     2 ||     2
Armor: Robe              |    15 |    34 |    35 ||    84
       Leather armour    |       |       |    58 ||    58
Dodge: Dodged            |    54 |    74 |   176 ||   304
Block: Other             |       |     5 |    17 ||    22

Table legend: (Time is in decaauts)
 A = Elapsed time spent in this place.
 B = Non-inter-level travel time spent in this place.
 C = Inter-level travel time spent in this place.
 D = Time resting spent in this place.
 E = Time spent auto-exploring this place.
 F = Levels seen in this place.
 G = Mean time per level.
                   A        B        C        D        E       F      G
               +--------+--------+--------+--------+--------+-----+--------+
         Total |   6793 |   6385 |    408 |    846 |   3989 |   8 |  849.1 |
       Dungeon |   6738 |   6354 |    384 |    846 |   3983 |   7 |  962.6 |
        Temple |     54 |     31 |     23 |      0 |      6 |   1 |   54.0 |
               +--------+--------+--------+--------+--------+-----+--------+

Top non-repeatable levels by time:
     D:6: 1409 daAuts
     D:3: 1223 daAuts
     D:4: 1013 daAuts
     D:5: 937 daAuts
     D:7: 786 daAuts
     D:1: 714 daAuts
     D:2: 653 daAuts
  Temple: 54 daAuts
